 Dungeon Crawl Stone Soup version 0.32-a0-960-g3814254bd7 (webtiles) character file.

Game seed: 10810613011167879469

187 Autsider the Sneak (level 5, 0/35 HPs)
             Began as a Vampire Enchanter on Apr 17, 2024.
             Killed by divine providence
             ... invoked by an orc priest
              (13 damage)
             ... on level 3 of the Dungeon.
             The game lasted 00:07:32 (2767 turns).

Autsider the Sneak (Vampire Enchanter)              Turns: 2767, Time: 00:07:33

Health: 0/35       AC:  5    Str:  7    XL:     5   Next: 39%
Magic:  5/9        EV: 11    Int: 20    God:
Gold:   102        SH:  0    Dex: 14    Spells: 1/9 levels left

rFire   . . .        a - +1 dagger
rCold   . . .        (no shield)
rNeg    . . .        b - +0 robe
rPois   .            (no helmet)
rElec   .            l - +2 cloak
rCorr   .            (no gloves)
SInv    +            (no boots)
Will    .....        h - amulet of regeneration
Stlth   +            (no ring)
HPRegen 1.25/turn    (no ring)
MPRegen 0.11/turn

%: no passive effects
@: confused, healing quickly
A: alive, fangs 3, see invisible, vampiric 2
a: Exsanguinate, Convert to Beogh


You were on level 3 of the Dungeon.
You visited 1 branch of the dungeon, and saw 3 of its levels.

You collected 237 gold pieces.
You spent 135 gold pieces at shops.

Inventory:

Hand Weapons
 a - a +1 dagger (weapon)
Armour
 b - a +0 robe (worn)
 l - a +2 cloak (worn)
Jewellery
 h - an amulet of regeneration (around neck)
Wands
 n - a wand of charming (13)
Scrolls
 d - 2 scrolls of teleportation {@r2}
 g - a scroll of identify {unknown}
 i - a scroll of fog {unknown}
 m - a scroll of fear {unknown}
 p - a scroll of acquirement {unknown}
 q - a scroll of silence {unknown}
Potions
 c - 2 potions of invisibility
 e - a potion of might {unknown}
 f - a potion of mutation {unknown}
 j - a potion of resistance {unknown}
 k - a potion of attraction {unknown}
 o - a potion of heal wounds {unknown}


   Skills:
 - Level 1.1 Short Blades
 - Level 2.1 Dodging
 + Level 6.4 Stealth
 + Level 2.9 Spellcasting
 + Level 6.1 Hexes
 - Level 2.0 Ice Magic


You had one spell level left.
You knew the following spells:

 Your Spells              Type           Power      Damage    Failure   Level
a - Ensorcelled Hibernat  Hex/Ice        38%        N/A       4%          2
b - Confusing Touch       Hex            27%        N/A       3%          3
c - Tukima's Dance        Hex            27%        N/A       3%          3

Your spell library contained the following spells:

 Spells                   Type           Power      Damage    Failure   Level
 Dazzling Flash           Conj/Hex       30%        N/A       12%         3
 Mercury Vapours          Alch/Air       4%         N/A       22%         2
 Mephitic Cloud           Conj/Alch/Air  2%         N/A       41%         3
 Freezing Cloud           Conj/Ice/Air   2%         6-21      97%         5


Dungeon Overview and Level Annotations

Branches:
Dungeon (3/15)

Altars:
Fedhas
Wu Jian
Beogh

Shops:
D:1 [

Annotations:
D:1 exclusion: downstairs


Innate Abilities, Weirdness & Mutations

Your natural rate of healing is accelerated.
You have razor-sharp teeth.
You have supernaturally acute eyesight. (SInv)
You are afflicted with vampirism and can become a bat while bloodless.


Message History

Confirm with . or Enter, or press ? or * to list all spells.
You don't have enough magic to cast this spell.
You hit the orc wizard but do no damage.
The orc wizard closely misses you.
You hit the orc wizard. You bite the orc wizard.
The orc wizard is moderately wounded.
The orc wizard hits you but does no damage.
You closely miss the orc wizard. Your bite misses the orc wizard.
The orc wizard is moderately wounded.
The orc wizard hits you but does no damage.
The orc wizard attacks as it pursues you!
The orc wizard hits you but does no damage.
You see here an adder skeleton.
The orc wizard attacks as it pursues you!
The orc wizard hits you with a +0 dagger.
The orc wizard gestures at you while chanting.
The magic dart hits you. The orc wizard casts a spell at you.
You resist with some effort.
The orc priest invokes the aid of Beogh against you.
Beogh smites you!
The orc wizard gestures wildly while chanting.
The orc wizard flickers and vanishes for a moment.
The orc wizard points at you and mumbles some strange words.
The magic dart hits you!
The orc wizard points at you and mumbles some strange words.
The magic dart hits you!
The orc priest shouts, "Beogh offers mercy even to people such as you.
Join us and be reborn!" (press Y on the ability menu to convert to Beogh)
The orc wizard points at you and mumbles some strange words.
You are confused.
You're too confused to move!
The orc priest invokes the aid of Beogh against you.
Beogh smites you!
* * * LOW HITPOINT WARNING * * *
The orc wizard casts a spell at you.
You are more confused.
The orc priest mumbles some strange prayers to Beogh against you.
Beogh smites you!
You die...

#...#.....#
#...#.....#
#.o.#.....######
#oo#########...#
#.#..≈≈≈≈≈..##.###
#.#.≈.....≈.#.....
#.#(≈.≈≈≈.≈.#.####
#.#.≈≈...≈≈.#.#
#@#.≈≈._.≈≈.#.#
#.#.≈≈...≈≈.#.#
#.#.≈.≈≈≈.≈.#.#
#.#.≈.....≈.#.#
#.#..≈≈≈≈≈..#.#
#..#########..#
#### ####


You could see an orc priest, an orc wizard (invisible) and an orc.

Vanquished Creatures
  A hound (D:3)
  An iguana (D:3)
  2 adders (D:3)
  4 gnolls (D:2)
  A dart slug (D:1)
  2 ribbon worms
  4 orcs (D:3)
  5 endoplasms
  4 giant cockroaches
  7 goblins
  7 hobgoblins
  3 quokkas
  7 ball pythons
  3 bats
  5 kobolds
  6 rats
62 creatures vanquished.

Vanquished Creatures (collateral kills)
  An orc (D:3)
1 creature vanquished.

Grand Total: 63 creatures vanquished

Notes
Turn   | Place    | Note
-------+----------+-------------------------------------------
     0 | D:1      | Autsider the Vampire Enchanter began the quest for the Orb.
     0 | D:1      | Reached XP level 1. HP: 13/13 MP: 3/3
   172 | D:1      | Reached XP level 2. HP: 18/19 MP: 5/5
   323 | D:1      | Reached skill level 1 in Ice Magic
   358 | D:1      | Found Wifaeschu's Antique Armour Shop.
   486 | D:1      | Reached skill level 5 in Stealth
   500 | D:1      | Reached skill level 5 in Hexes
   674 | D:2      | Gained mutation: You are afflicted with vampirism and can
                  | become a bat while bloodless. [Vampire growth]
   674 | D:2      | Reached XP level 3. HP: 24/24 MP: 6/6
   677 | D:2      | Learned a level 2 spell: Ensorcelled Hibernation
  1010 | D:2      | Reached XP level 4. HP: 9/30 MP: 5/7
  1059 | D:2      | Learned a level 3 spell: Confusing Touch
  1677 | D:3      | Found a blossoming altar of Fedhas.
  1930 | D:1      | Bought a runed cloak for 135 gold pieces
  2138 | D:3      | Learned a level 3 spell: Tukima's Dance
  2201 | D:3      | Reached XP level 5. HP: 35/35 MP: 5/9
  2323 | D:3      | Found an ornate altar of the Wu Jian Council.
  2434 | D:3      | Found a faded altar of an unknown god.
  2633 | D:3      | Found a roughly hewn altar of Beogh.
  2767 | D:3      | Killed from afar by an orc priest

Illustrated notes

Levels and vault maps discovered:
D:1:      minmay_arrival_five_plusses, layout_loops_ring, serial_shops,
          nicolae_shop_back_alley_shop, grunt_decor_clamped
D:2:      layout_loops_ring
D:3:      layout_basic, amcnicky_altar_gilded, mainiacjoe_overflow_paths,
          hellmonk_ecumenical_altar_pennies_from_heaven, kennysheep_orc_chapel

Skill      XL: |  1  2  3  4  5 |
---------------+----------------+-----
Ice Magic      | 1 2 |  2.0
Stealth        | 5 6 |  6.4
Hexes          | 5 6 |  6.1
Short Blades   | |  1.1
Dodging        | |  2.1
Spellcasting   | |  2.9

Action                     |  1- 3 |  4- 6 || total
---------------------------+-------+-------++-------
  Melee: Dagger            |   104 |    97 ||   201
         Bite              |    11 |     9 ||    20
   Cast: Ensorcelled Hiber |    10 |    10 ||    20
         Confusing Touch   |       |     3 ||     3
         Tukima's Dance    |       |     4 ||     4
    Use: Scroll            |     1 |     1 ||     2
   Stab: Sleeping          |    11 |    15 ||    26
         Confused          |       |     1 ||     1
         Distracted        |       |     1 ||     1
 Armour: Robe              |    54 |    51 ||   105
  Dodge: Dodged            |    55 |    53 ||   108

Table legend: (Time is in decaauts)
 A = Elapsed time spent in this place.
 B = Non-inter-level travel time spent in this place.
 C = Inter-level travel time spent in this place.
 D = Time resting spent in this place.
 E = Time spent auto-exploring this place.
 F = Levels seen in this place.
 G = Mean time per level.
                   A        B        C        D        E       F      G
               +--------+--------+--------+--------+--------+-----+--------+
         Total |   2760 |   2459 |    301 |    270 |   1542 |   3 |  920.0 |
       Dungeon |   2760 |   2459 |    301 |    270 |   1542 |   3 |  920.0 |
               +--------+--------+--------+--------+--------+-----+--------+

Top non-repeatable levels by time:
     D:1: 994 daAuts
     D:3: 902 daAuts
     D:2: 864 daAuts
